 Dungeon Crawl Stone Soup version 0.20.1-1-g8b1a95d (webtiles) character file.

64750 QuCean the Severer (level 14, -3/127 HPs)
             Began as a Minotaur Fighter on Oct 18, 2017.
             Was a Priest of Trog.
             Slain by a dire elephant (18 damage)
             ... on level 6 of the Lair of Beasts on Oct 24, 2017.
             The game lasted 01:23:43 (24362 turns).

QuCean the Severer (Minotaur Fighter)              Turns: 24362, Time: 01:23:44

Health: -3/127     AC: 20    Str: 32    XL:     14   Next: 72%
Magic:  13/13      EV: 12    Int:  7    God:    Trog [***...]
Gold:   638        SH: 21    Dex: 21    Spells: 13/13 levels left

rFire    + . .     SeeInvis .   T - +6 hand axe "Uloluent" {chop, MR++ Str+2 Dex+3 Stlth+}
rCold    + + +     Gourm    .   c - +0 shield
rNeg     . . .     Faith    .   a - +0 storm dragon scales
rPois    +         Spirit   .   (helmet restricted)
rElec    +         Reflect  +   (no cloak)
rCorr    .         Harm     .   B - +1 pair of gloves of Woggiw {rElec rC+++ Str-3 Dex+6}
MR       +++..                  V - +0 pair of boots
Stlth    ..........             Y - +4 amulet of reflection
Regen    0.4/turn               I - ring of Xequigut {rPois rC+}
MPRegen  0.2/turn               W - ring "Ygoih" {Fire Str+7 Int+2 Dex+2}

@: berserk cooldown, slowed, very slow
A: retaliatory headbutt, horns 2
a: Berserk, Trog's Hand, Burn Spellbooks, Renounce Religion


You were on level 6 of the Lair of Beasts.
You worshipped Trog.
Trog was most pleased with you.
You were hungry.

You visited 2 branches of the dungeon, and saw 18 of its levels.
You also visited: Ice Cave.

You collected 1479 gold pieces.
You spent 841 gold pieces at shops.

Inventory:

Hand Weapons
 G - a +1 broad axe of draining
 T - the +6 hand axe "Uloluent" (weapon) {chop, MR++ Str+2 Dex+3 Stlth+}
   (Trog gifted it to you on level 2 of the Lair of Beasts)

   It inflicts extra damage upon your enemies.
   It affects your strength (+2).
   It affects your dexterity (+3).
   It affects your resistance to hostile enchantments.
   It makes you more stealthy.
Armour
 a - +0 storm dragon scales (worn)
 c - a +0 shield (worn)
 B - the +1 pair of gloves of Woggiw (worn) {rElec rC+++ Str-3 Dex+6}
   (You found it on level 12 of the Dungeon)

   It affects your strength (-3).
   It affects your dexterity (+6).
   It renders you almost immune to cold.
   It insulates you from electricity.
 V - a +0 pair of boots (worn)
Jewellery
 m - an uncursed ring of see invisible
 o - an uncursed ring of protection from magic
 I - the ring of Xequigut (left hand) {rPois rC+}
   (You found it in an ice cave)

   [ring of protection from cold]

   It protects you from cold.
   It protects you from poison.
 L - an uncursed amulet of guardian spirit
 S - an uncursed ring of positive energy
 W - the ring "Ygoih" (right hand) {Fire Str+7 Int+2 Dex+2}
   (You bought it in a shop on level 10 of the Dungeon)

   [ring of fire]

   It enhances your fire magic.
   It affects your strength (+7).
   It affects your intelligence (+2).
   It affects your dexterity (+2).
   It protects you from fire.
   It makes you vulnerable to cold.
 Y - a +4 amulet of reflection (around neck)
Wands
 E - a wand of iceblast (5/15)
Scrolls
 j - 6 scrolls of teleportation
 n - 7 scrolls of fear
 p - 6 scrolls of remove curse
 q - 3 scrolls of magic mapping
 r - 2 scrolls of enchant armour {unknown}
 v - a scroll of immolation {unknown}
 w - 6 scrolls of fog
 y - 6 scrolls of recharging
 D - a scroll of noise {unknown}
 M - a scroll of random uselessness {unknown}
 O - 3 scrolls of vulnerability {unknown}
 Q - 2 scrolls of silence {unknown}
 R - a scroll of blinking
 U - a scroll of enchant weapon
 X - a scroll of summoning {unknown}
 Z - 5 scrolls of identify
Potions
 b - 2 potions of cancellation {unknown}
 d - 3 potions of might
 e - 11 potions of curing
 k - a potion of invisibility {unknown}
 l - 4 potions of heal wounds
 s - 6 potions of agility
 t - 4 potions of berserk rage
 u - a potion of brilliance {unknown}
 x - 5 potions of degeneration {unknown}
 z - 4 potions of mutation {unknown}
 A - 3 potions of magic {unknown}
 F - 3 potions of haste {unknown}
 H - 2 potions of flight {unknown}
 N - 2 potions of ambrosia {unknown}
 P - 3 potions of resistance {unknown}
Miscellaneous
 J - a fan of gales
 K - 2 boxes of beasts
Comestibles
 f - 13 bread rations
 g - 10 royal jellies
 h - 6 meat rations
 i - 4 fruits


   Skills:
 + Level 12.4 Fighting
 * Level 17.9 Axes
 + Level 12.9 Armour
 + Level 3.5 Dodging
 + Level 1.5 Stealth
 * Level 16.8 Shields
 + Level 0.2 Unarmed Combat


You had 13 spell levels left.
You didn't know any spells.

Dungeon Overview and Level Annotations

Branches:
Dungeon (12/15)            Temple (0/1) D:6            Lair (6/6) D:11
  Swamp (0/4) Lair:2        Snake (0/4) Lair:2        Slime (0/5) Lair:6
    Orc (0/2) D:12

Altars:
Ashenzari
Cheibriados
Dithmenos
Fedhas
Gozag
Kikubaaqudgha
Nemelex Xobeh
Okawaru
Qazlal
Ru
Trog
Vehumet
Xom
Yredelemnul
Zin
The Shining One

Shops:
D:4 *   D:6 *   D:7 *   D:10 ![=[!


Innate Abilities, Weirdness & Mutations

You reflexively headbutt those who attack you in melee.
You have a pair of horns on your head.


Message History

You headbutt the dire elephant, but do no damage.
The dire elephant is almost dead.
The dire elephant tramples you!
* * * LOW HITPOINT WARNING * * *
You hold your ground!
You block the dire elephant's attack.
You hit the dire elephant but do no damage.
The dire elephant is almost dead.
You block the dire elephant's attack.
The dire elephant trunk-slaps you but does no damage.
You hit the dire elephant but do no damage.
You headbutt the dire elephant, but do no damage.
The dire elephant is almost dead.
The dire elephant tramples you!!
* * * LOW HITPOINT WARNING * * *
You hold your ground!
You block the dire elephant's attack.
You slash the dire elephant!
You headbutt the dire elephant, but do no damage.
The dire elephant is almost dead.
The dire elephant tramples you!!
You die...

.................................
.............P..................#
..........♣......................
......♣########'''########♣......
♣....###.................###....♣
#♣♣♣##...#####8.⌠.8#####...##♣♣♣#
####.###.P###8.8###.≈###.####
###....#.....#######.≈≈≈≈#....###
....####.....##(@..#≈≈≈≈.####....
.####."#÷....#)?.Y.'≈≈≈≈.#8.####.
.#.....'.....#"%...'≈≈≈..'.....#.
.......##...###/...##≈≈.##8....#8
♣############ ###############''##
#).... ##.... ##... ##.#


You could see a dire elephant.

Vanquished Creatures
  A dire elephant (Lair:6)
  An ettin (D:11)
  Josephine (D:12)
  Fannar (Lair:1)
  7 hydras
  Harold (Lair:3)
  An anaconda (Lair:6)
  A death yak (IceCv)
  2 two-headed ogres
  A centaur warrior (D:12)
  Urug (Lair:3)
  A hell knight (D:11)
  An unseen horror (D:10)
  Pikel (D:4)
  3 ugly things
  An orc knight (D:11)
  2 cyclopes (D:12)
  4 manticores (D:12)
  23 elephants
  4 black mambas
  An ice statue (IceCv)
  A torpor snail (Lair:6)
  12 spiny frogs
  7 komodo dragons
  2 rime drakes
  An efreet (D:12)
  Prince Ribbit (Lair:3)
  2 hornets
  6 trolls
  10 polar bears
  18 blink frogs
  10 hippogriffs
  3 shadows
  A vampire (D:11)
  7 wraiths
  37 yaks
  2 wyverns
  2 fire elementals
  A human (D:9)
  3 basilisks
  A steam dragon (D:12)
  A hog (D:9)
  7 vampire mosquitoes
  A hungry ghost (D:7)
  An acid dragon (D:12)
  A soldier ant (D:12)
  12 water moccasins
  4 nagas (Lair:2)
  6 porcupines
  6 ice beasts
  Purgy (D:4)
  4 orc warriors
  A black bear (D:11)
  A necrophage (D:11)
  A phantom (D:12)
  A sky beast (D:11)
  3 ogres
  2 eyes of draining
  15 wolves
  8 centaurs
  3 big kobolds
  10 crocodiles
  24 bullfrogs
  A wyvern skeleton (D:12)
  5 scorpions
  A wight (D:12)
  4 electric eels
  7 crimson imps
  6 howler monkeys
  A lava snake (Lair:2)
  2 bullfrog zombies
  8 hounds
  7 jellies
  2 gnoll shamans
  5 orc priests
  5 orc wizards (D:12)
  3 bullfrog skeletons
  4 centaur skeletons
  6 iguanas
  12 worker ants
  Natasha (thrice) (D:2)
  A killer bee zombie (D:7)
  A hound skeleton (D:4)
  15 gnolls
  19 adders
  4 shadow imps
  2 oozes
  2 adder skeletons
  4 worms
  A dart slug (D:1)
  2 leopard geckos (D:1)
  55 orcs
  6 bats
  5 giant cockroaches
  7 goblins
  8 hobgoblins
  13 jackals
  9 quokkas
  A ball python (D:1)
  2 frilled lizards
  A jackal skeleton (D:4)
  16 kobolds
  A leopard gecko skeleton (D:5)
  A leopard gecko zombie (D:6)
  A quokka skeleton (D:5)
  12 rats
  A fire vortex (Lair:6)
  3 fungi
  4 plants
578 creatures vanquished.

Vanquished Creatures (collateral kills)
  A frost giant (IceCv)
  3 polar bears (IceCv)
  4 yaks (IceCv)
8 creatures vanquished.

Vanquished Creatures (others)
  5 polar bears (IceCv)
  A yak (IceCv)
  A water moccasin (Lair:1)
  A phantom (D:4)
  3 wolves (IceCv)
  A giant cockroach (D:12)
  A quokka (D:3)
  9 fungi
  4 plants
26 creatures vanquished.

Grand Total: 612 creatures vanquished

Notes
Turn   | Place    | Note
-------+----------+-------------------------------------------
     0 | D:1      | QuCean the Minotaur Fighter began the quest for the Orb.
     0 | D:1      | Reached XP level 1. HP: 19/19 MP: 0/0
    48 | D:1      | Reached XP level 2. HP: 24/27 MP: 1/1
   578 | D:1      | Reached XP level 3. HP: 33/33 MP: 2/2
   921 | D:2      | Reached skill level 3 in Axes
  1130 | D:2      | Found a bloodstained altar of Trog.
  1138 | D:2      | Became a worshipper of Trog the Wrathful
  1147 | D:2      | Found a faded altar of an unknown god.
  1152 | D:2      | Noticed Natasha
  1162 | D:2      | Killed Natasha
  1162 | D:2      | Reached XP level 4. HP: 33/41 MP: 3/3
  1312 | D:2      | Reached skill level 4 in Axes
  1367 | D:2      | Noticed Natasha
  1372 | D:2      | Killed Natasha
  1385 | D:2      | Noticed Natasha
  1393 | D:2      | Killed Natasha
  1393 | D:2      | Reached XP level 5. HP: 24/47 MP: 4/4
  1762 | D:2      | Found a blossoming altar of Fedhas.
  2091 | D:2      | Reached skill level 5 in Axes
  2687 | D:3      | Found a snail-covered altar of Cheibriados.
  2724 | D:3      | Reached skill level 1 in Dodging
  2724 | D:3      | Reached XP level 6. HP: 15/55 MP: 5/5
  3021 | D:3      | Found a stormy altar of Qazlal.
  3431 | D:3      | Reached * piety under Trog
  3529 | D:3      | Reached skill level 5 in Fighting
  4042 | D:4      | Reached skill level 5 in Armour
  4084 | D:4      | Found Zin's Purification Station.
  4086 | D:4      | Found a glowing silver altar of Zin.
  4159 | D:4      | Reached skill level 6 in Axes
  4359 | D:4      | Found an opulent altar of Gozag.
  4613 | D:4      | Noticed Purgy
  4628 | D:4      | Killed Purgy
  4628 | D:4      | Reached skill level 5 in Shields
  4628 | D:4      | Reached XP level 7. HP: 39/61 MP: 6/6
  5056 | D:4      | Noticed Pikel
  5073 | D:4      | Killed Pikel
  5073 | D:4      | Reached ** piety under Trog
  5073 | D:4      | Reached skill level 7 in Axes
  5073 | D:4      | Reached XP level 8. HP: 31/70 MP: 7/7
  5119 | D:5      | Entered Level 5 of the Dungeon
  6056 | D:6      | Found a staircase to the Ecumenical Temple.
  6126 | D:6      | Reached skill level 8 in Axes
  6917 | D:6      | Found an ancient bone altar of Kikubaaqudgha.
  6917 | D:6      | Found Soirph's Wicked Wares.
  6929 | D:6      | Got a twisted robe
  6940 | D:6      | Identified the cursed +0 robe of Distant Shores {rF+ Regen+ Int+3 Dex+4} (You found it on level 6 of the Dungeon)
  6954 | D:6      | Bought a +0 vampiric war axe for 125 gold pieces
  7216 | D:7      | Reached skill level 9 in Axes
  7296 | D:7      | Found a sacrificial altar of Ru.
  7341 | D:7      | Found a shattered altar of Ashenzari.
  7381 | D:7      | Found a glowing golden altar of the Shining One.
  7387 | D:7      | Reached XP level 9. HP: 74/78 MP: 8/8
  7432 | D:7      | Found a radiant altar of Vehumet.
  7654 | D:7      | Found Xuqed's Assorted Antiques.
  7911 | D:8      | Reached *** piety under Trog
  7911 | D:8      | Reached skill level 10 in Axes
  9244 | D:9      | Found an iron altar of Okawaru.
  9244 | D:9      | Found a sparkling altar of Nemelex Xobeh.
  9368 | D:9      | Found a shadowy altar of Dithmenos.
  9919 | D:9      | Reached skill level 11 in Axes
  9930 | D:9      | Reached XP level 10. HP: 85/88 MP: 7/9
 10155 | D:10     | Entered Level 10 of the Dungeon
 10184 | D:10     | Reached skill level 1 in Stealth
 10323 | D:10     | Found Sisatoa's Distillery.
 10905 | D:10     | Reached **** piety under Trog
 10913 | D:10     | Found Ywo Esse's Antique Armour Boutique.
 10937 | D:10     | Found Hiptef's Distillery.
 10985 | D:10     | Found Xubeff's Jewellery Boutique.
 11101 | D:10     | Noticed an unseen horror
 11129 | D:10     | Killed an unseen horror
 11129 | D:10     | Reached skill level 12 in Axes
 11285 | D:10     | Found Suureock's Armour Emporium.
 11406 | D:11     | Found a staircase to the Lair.
 11625 | D:11     | Noticed an orc knight
 11626 | D:11     | Found a large runed door.
 11644 | D:11     | Killed an orc knight
 11646 | D:11     | Found a large runed door.
 11717 | D:11     | Noticed an ettin
 11717 | D:11     | Noticed a hell knight
 12167 | D:11     | Noticed a green ugly thing
 12186 | D:11     | Killed a green ugly thing
 12186 | D:11     | Reached XP level 11. HP: 87/97 MP: 8/10
 12197 | D:11     | Killed an ettin
 12197 | D:11     | Reached skill level 13 in Axes
 12571 | D:11     | Noticed a two-headed ogre
 12581 | D:11     | Killed a two-headed ogre
 12581 | D:11     | Reached skill level 10 in Shields
 12582 | D:11     | Killed a hell knight
 12584 | D:11     | Reached skill level 10 in Armour
 12676 | D:11     | Found a basalt altar of Yredelemnul.
 12701 | D:11     | Found a shattered altar of Ashenzari.
 12776 | D:10     | Bought the ring "Ygoih" {Fire Str+7 Int+2 Dex+2} for 716 gold pieces
 13376 | D:12     | Noticed a brown ugly thing
 13389 | D:12     | Reached skill level 14 in Axes
 13392 | D:12     | Killed a brown ugly thing
 13710 | D:12     | Reached skill level 10 in Fighting
 13744 | D:12     | Noticed a centaur warrior
 13746 | D:12     | Reached ***** piety under Trog
 13753 | D:12     | Killed a centaur warrior
 14060 | D:12     | Noticed a white ugly thing
 14069 | D:12     | Killed a white ugly thing
 14132 | D:12     | Reached XP level 12. HP: 73/106 MP: 8/11
 14247 | D:12     | Noticed a two-headed ogre
 14255 | D:12     | Killed a two-headed ogre
 14255 | D:12     | Reached skill level 15 in Axes
 14632 | D:12     | Noticed an eight-headed hydra
 14641 | D:12     | Killed a 12-headed hydra
 14653 | D:12     | Noticed Josephine
 14684 | D:12     | Killed Josephine
 14943 | D:12     | Found a staircase to the Orcish Mines.
 15354 | D:12     | Received a gift from Trog
 15395 | D:12     | Got a pair of jewelled gloves
 15401 | D:12     | Identified the +1 pair of gloves of Woggiw {rElec rC+++ Str-3 Dex+6} (You found it on level 12 of the Dungeon)
 15636 | D:12     | Found a shimmering altar of Xom.
 15688 | D:12     | Received a gift from Trog
 15766 | D:12     | Noticed an eight-headed hydra
 15776 | D:12     | Killed a 14-headed hydra
 16314 | D:12     | Reached skill level 16 in Axes
 16358 | Lair:1   | Entered Level 1 of the Lair of Beasts
 16358 | Lair:1   | Noticed Fannar
 16391 | Lair:1   | Killed Fannar
 16866 | Lair:1   | Noticed a five-headed hydra
 16876 | Lair:1   | Killed an 11-headed hydra
 16876 | Lair:1   | Reached XP level 13. HP: 102/116 MP: 8/12
 17190 | Lair:2   | Found a staircase to the Snake Pit.
 17389 | Lair:2   | Received a gift from Trog
 17395 | Lair:2   | Got an encrusted hand axe {god gift}
 17396 | Lair:2   | Identified the +6 hand axe "Uloluent" {chop, MR++ Str+2 Dex+3 Stlth+} (Trog gifted it to you on level 2 of the Lair of Beasts)
 17631 | Lair:2   | Found a staircase to the Swamp.
 18293 | Lair:3   | Noticed Urug
 18308 | Lair:3   | Killed Urug
 18552 | Lair:3   | Noticed Harold
 18566 | Lair:3   | Killed Harold
 18690 | Lair:3   | Noticed Prince Ribbit
 18729 | Lair:3   | Killed Prince Ribbit
 20487 | Lair:4   | Reached skill level 15 in Shields
 20645 | Lair:4   | Received a gift from Trog
 20645 | Lair:4   | Reached skill level 17 in Axes
 21304 | Lair:5   | Reached XP level 14. HP: 125/125 MP: 13/13
 22177 | Lair:6   | Entered Level 6 of the Lair of Beasts
 22177 | Lair:6   | Found a staircase to the Slime Pits.
 22318 | Lair:6   | Found a dark tunnel.
 22348 | Lair:6   | Found a frozen archway.
 22393 | IceCv    | Entered an ice cave
 22770 | IceCv    | Received a gift from Trog
 22800 | IceCv    | Reached ****** piety under Trog
 23062 | IceCv    | Noticed a frost giant
 23096 | IceCv    | Killed a frost giant
 23279 | IceCv    | Got a brightly glowing marble ring
 23299 | IceCv    | Identified the ring of Xequigut {rPois rC+} (You found it in an ice cave)
 24362 | Lair:6   | Slain by a dire elephant

Skill      XL: |  1  2  3  4  5  6  7  8  9 10 11 12 13 14 |
---------------+-------------------------------------------+-----
Armour         | 4 5 6 7 9 10 11 12 | 12.9
Fighting       | 4 5 6 7 9 10 11 12 | 12.4
Shields        | 4 5 6 7 8 9 11 13 15 16 | 16.8
Axes           | 3 4 5 6 7 9 11 12 14 16 17 | 17.9
Dodging        | 1 2 3 |  3.5
Stealth        | 1 |  1.5
Unarmed Combat | |  0.2

Action                   |  1- 3 |  4- 6 |  7- 9 | 10-12 | 13-15 || total
-------------------------+-------+-------+-------+-------+-------++-------
Melee: War axe           |    47 |   152 |   309 |   651 |    48 ||  1207
       Headbutt          |     7 |    32 |    60 |   162 |   299 ||   560
       Unarmed           |       |       |       |     2 |       ||     2
       Hand axe          |       |       |       |       |   667 ||   667
Invok: Berserk           |       |       |     1 |     6 |     2 ||     9
       Burn Spellbooks   |       |       |     1 |     1 |     3 ||     5
       Trog's Hand       |       |       |       |     1 |       ||     1
       Brothers in Arms  |       |       |       |       |     3 ||     3
  Use: Scroll            |       |     4 |    11 |     4 |     1 ||    20
  Eat: Fruit             |     1 |       |    11 |     2 |     1 ||    15
       Chunk             |       |    11 |    11 |    21 |    15 ||    58
       Bread ration      |       |       |     1 |       |       ||     1
       Royal jelly       |       |       |       |     3 |       ||     3
       Meat ration       |       |       |       |       |     2 ||     2
Armor: Scale mail        |    20 |    46 |    28 |       |       ||    94
       Plate armour      |       |       |   124 |   272 |   179 ||   575
       Storm dragon scal |       |       |       |       |    71 ||    71
Dodge: Dodged            |    27 |    54 |    84 |   155 |   189 ||   509
Block: Shield            |    39 |    82 |   183 |   435 |   505 ||  1244
       Reflection        |       |       |       |       |     2 ||     2
